 Dungeon Crawl Stone Soup version 0.30.0-19-g36f170ea60 (webtiles) character file.

Game seed: 13120360190201352026

219 GimliDwarf the Gusty (level 5, -1/28 HPs)
             Began as a Tengu Air Elementalist on May 31, 2023.
             Slain by a black bear (4 damage)
             ... on level 5 of the Dungeon.
             The game lasted 00:14:12 (4022 turns).

GimliDwarf the Gusty (Tengu Air Elementalist)       Turns: 4022, Time: 00:14:13

Health: -1/28      AC:  3    Str:  9    XL:     5   Next: 96%
Magic:  5/12       EV: 16    Int: 23    God:
Gold:   231        SH:  0    Dex: 20    Spells: 0/12 levels left

rFire   . . .        h - +2 halberd (venom)
rCold   . . .        (shield currently unavailable)
rNeg    . . .        j - +1 robe {Will+}
rPois   .            (helmet restricted)
rElec   .            o - scarf {repulsion}
rCorr   .            (no gloves)
SInv    .            (boots unavailable)
Will    +....        l - amulet of magic regeneration
Stlth   ++           m - +6 ring of intelligence
HPRegen 0.24/turn    k - +6 ring of dexterity
MPRegen 0.53/turn

%: repel missiles
@: flying quickly and evasively, quick
A: beak, talons 3, nimble flight
a: no special abilities


You were on level 5 of the Dungeon.
You visited 2 branches of the dungeon, and saw 6 of its levels.

You collected 231 gold pieces.

Inventory:

Hand Weapons
 h - a +2 halberd of venom (weapon)
Missiles
 c - 5 atropa-tipped darts
Armour
 j - a +1 robe of willpower (worn)
 o - a scarf of repulsion (worn)
Jewellery
 d - a ring of positive energy
 k - a +6 ring of dexterity (right hand)
 l - an amulet of magic regeneration (around neck)
 m - a +6 ring of intelligence (left hand)
Scrolls
 e - a scroll of fog
 i - a scroll of blinking
Potions
 a - 2 potions of might
 b - a potion of magic
 f - a potion of ambrosia {unknown}
 g - 4 potions of curing
 n - a potion of haste {unknown}
 p - 2 potions of degeneration {unknown}


   Skills:
 + Level 0.6 Fighting
 * Level 1.1 Polearms
 * Level 3.0 Dodging
 - Level 2.0 Stealth
 * Level 4.0 Spellcasting
 + Level 3.1 Conjurations
 + Level 4.9 Air Magic
 * Level 0.3 Evocations


You couldn't memorise any spells.
You knew the following spells:

 Your Spells              Type           Power      Damage    Failure   Level
a - Shock                 Conj/Air       92%        1d8       1%          1
b - Static Discharge      Conj/Air       46%        2-4/arc   3%          2
c - Airstrike             Air            13%        2d(2-18)  14%         4
d - Swiftness             Air            27%        N/A       4%          3
e - Searing Ray           Conj           36%        2d5       4%          2

Your spell library contained the following spells:

 Spells                   Type           Power      Damage    Failure   Level
 Magic Dart               Conj           72%        1d6       3%          1
 Kiss of Death            Conj/Necr      44%        2d8       5%          1
 Confusing Touch          Hex            4%         N/A       30%         3
 Fulminant Prism          Conj/Hex       5%         3d6       50%         4
 Dispel Undead            Necr           4%         3d7       71%         4


Dungeon Overview and Level Annotations

Branches:
Dungeon (5/15)             Temple (1/1) D:4

Altars:
Ashenzari
Cheibriados
Fedhas
Makhleb
Nemelex Xobeh
Ru
Trog
Uskayaw
Wu Jian
Xom
Zin


Innate Abilities, Weirdness & Mutations

You have a beak for a mouth.
You have claws for feet.
Your magical nature lets you fly swiftly and evasively.


Message History

The helpless black bear fails to defend itself.
You hit the black bear.
The black bear is moderately wounded.
The black bear completely misses you. The black bear barely misses you. x2
The black bear bites you! The black bear claws you.
The black bear completely misses you.
You closely miss the black bear. You claw the black bear.
Your peck misses the black bear.
The black bear is heavily wounded.
The black bear closely misses you.
The black bear claws you but does no damage.
The black bear barely misses you.
You closely miss the black bear.
The black bear is heavily wounded.
The black bear bites you! The black bear claws you.
* * * LOW HITPOINT WARNING * * *
The black bear closely misses you. x2; The black bear claws you.
* * * LOW HITPOINT WARNING * * *
The black bear claws you but does no damage.
Casting: Shock (safe; 1% risk of failure)
Confirm with . or Enter, or press ? or * to list all spells.
The spell is extremely dangerous to miscast (14% risk of failure)!
Continue anyway?
Aiming: Airstrike (extremely dangerous; 14% risk of failure)
Press: ? - help, Dir - move target, f - black bear
Aim: a black bear (heavily wounded, empty space bonus: 1/8)
The air twists around and strikes the black bear.
The black bear is heavily wounded.
The black bear bites you.
* * * LOW HITPOINT WARNING * * *
The black bear closely misses you. The black bear misses you.
Casting: Airstrike (extremely dangerous; 14% risk of failure)
Confirm with . or Enter, or press ? or * to list all spells.
The spell is extremely dangerous to miscast (14% risk of failure)!
Continue anyway?
Aiming: Airstrike (extremely dangerous; 14% risk of failure)
Press: ? - help, Dir - move target, f/p - black bear
Aim: a black bear (heavily wounded, empty space bonus: 1/8)
The air twists around and strikes the black bear.
The black bear is severely wounded.
The black bear bites you.
You die...

########
#<.....#
#.####.#
####.###
#....@h#
#.##.#.#
.. #.#.#
#..
..... .#
.###.##
.# .. ##
##


You could see a black bear.

Vanquished Creatures
  A hound (D:4)
  3 gnolls (D:2)
  7 adders
  2 worms (D:2)
  3 dart slugs
  7 orcs
  4 endoplasms
  6 giant cockroaches
  3 goblins
  7 hobgoblins
  3 jackals (D:1)
  9 kobolds
  4 quokkas
  5 ball pythons
  7 bats
  5 frilled lizards
  4 rats
80 creatures vanquished.

Notes
Turn   | Place    | Note
-------+----------+-------------------------------------------
     0 | D:1      | GimliDwarf the Tengu Air Elementalist began the quest for
                  | the Orb.
     0 | D:1      | Reached XP level 1. HP: 10/10 MP: 4/4
   182 | D:1      | Reached XP level 2. HP: 15/15 MP: 3/6
   223 | D:1      | Learned a level 2 spell: Static Discharge
   951 | D:1      | Reached XP level 3. HP: 19/19 MP: 3/7
  1568 | D:2      | Reached XP level 4. HP: 21/24 MP: 1/9
  1603 | D:2      | Learned a level 4 spell: Airstrike
  2165 | D:2      | Found a shimmering altar of Xom.
  2485 | D:3      | Found a snail-covered altar of Cheibriados.
  2485 | D:3      | Found a burning altar of Makhleb.
  2588 | D:3      | Gained mutation: Your magical nature lets you fly swiftly
                  | and evasively. [Tengu growth]
  2588 | D:3      | Reached XP level 5. HP: 28/28 MP: 8/11
  2890 | D:3      | Found a bloodstained altar of Trog.
  2934 | D:3      | Learned a level 3 spell: Swiftness
  3570 | D:4      | Reached skill level 1 in Polearms
  3586 | D:4      | Found a staircase to the Ecumenical Temple.
  3604 | Temple   | Entered the Ecumenical Temple
  4013 | D:4      | Learned a level 2 spell: Searing Ray
  4014 | D:5      | Entered Level 5 of the Dungeon
  4016 | D:5      | Noticed a black bear
  4022 | D:5      | Slain by a black bear

Illustrated notes

Levels and vault maps discovered:
D:1:      tarquinn_simple_flora_water_f, layout_rooms,
          minmay_misc_feat_four_crosses, roderic_roman_lattice, st_stairs_7
D:2:      layout_basic, basic_altar, minmay_tall_x
D:3:      layout_basic, chequers_temple_overflow_statue_of_worship,
          amcnicky_altar_gilded
D:4:      layout_cave_pools, minmay_temple_entry_offerings,
          kennysheep_cross_room, minmay_tree_intersection
D:5:      minmay_diamond_boxcup, layout_loops_cross, kennysheep_mini_moat
Temple:   nicolae_temple_colour_theory

Skill      XL: |  1  2  3  4  5 |
---------------+----------------+-----
Spellcasting   | 3 4 |  4.0
Conjurations   | 2 3 |  3.1
Polearms       | 1 |  1.1
Dodging        | 3 |  3.0
Fighting       | |  0.6
Stealth        | |  2.0
Air Magic      | |  4.9
Evocations     | |  0.3

Action                     |  1- 3 |  4- 6 || total
---------------------------+-------+-------++-------
  Melee: Dagger            |     2 |       ||     2
         Short sword       |       |    18 ||    18
         Kick              |       |    16 ||    16
         Rapier            |       |     3 ||     3
         Peck              |       |     5 ||     5
         Halberd           |       |    30 ||    30
   Cast: Shock             |    83 |    48 ||   131
         Static Discharge  |       |     3 ||     3
         Airstrike         |       |     2 ||     2
    Use: Scroll            |     3 |     8 ||    11
         Potion            |       |     1 ||     1
   Stab: Sleeping          |       |     3 ||     3
 Armour: Robe              |     4 |    11 ||    15
  Dodge: Dodged            |    13 |    52 ||    65
